 Dungeon Crawl Stone Soup version 0.31-a0-543-geaa9c7a2c0 (webtiles) character file.

Game seed: 16747860390219480893

58 Ethylacetat the Ducker (level 4, -1/30 HPs)
             Began as an Octopode Gladiator on Aug 15, 2023.
             Slain by a gnoll
             ... wielding a +0 whip
              (5 damage)
             ... on level 2 of the Dungeon.
             The game lasted 00:01:36 (1142 turns).

Ethylacetat the Ducker (Octopode Gladiator)         Turns: 1142, Time: 00:01:36

Health: -1/30      AC:  1    Str: 13    XL:     4   Next: 1%
Magic:  4/4        EV: 14    Int: 10    God:
Gold:   13         SH:  0    Dex: 15    Spells: 3/3 levels left

rFire   . .          .
                       - Unarmed
rCold   . . .        (no shield)
rNeg    . . .        a - +0 hat
rPois   .            (no amulet)
rElec   .            (no ring)
rCorr   .            (no ring)
SInv    .            (no ring)
Will    .....        (no ring)
Stlth   ++           (no ring)
HPRegen 0.25/turn    (no ring)
MPRegen 0.09/turn    (no ring)
                     (no ring)

%: no passive effects
@: no status effects
A: almost no armour, amphibious, 8 rings, camouflage 1, gelatinous body 1,
(nimble swimmer 1), tentacles
a: no special abilities


You were on level 2 of the Dungeon.
You visited 1 branch of the dungeon, and saw 2 of its levels.

You collected 13 gold pieces.

Inventory:

Missiles
 b - 3 throwing nets (quivered)
 c - a javelin
Armour
 a - a +0 hat (worn)
Scrolls
 f - 3 scrolls of identify {unknown}
 g - a scroll of acquirement {unknown}
 h - a scroll of vulnerability {unknown}
Potions
 d - a potion of degeneration {unknown}
 e - a potion of enlightenment {unknown}
 i - a potion of magic {unknown}
 j - a potion of might {unknown}


   Skills:
 + Level 2.9 Fighting
 - Level 2.0 Throwing
 + Level 3.6 Dodging
 + Level 3.6 Unarmed Combat


You had 3 spell levels left.
You didn't know any spells.
Your spell library was empty.

Dungeon Overview and Level Annotations

Branches:
Dungeon (2/15)

Altars:


Innate Abilities, Weirdness & Mutations

You cannot wear most types of armour.
You are amphibious.
You can wear up to eight rings at the same time.
Your skin changes colour to match your surroundings (Stealth+).
Your rubbery body absorbs attacks. (AC +1, EV +1)
((You are camouflaged when in or above water. (Stealth+)))
You have tentacles for arms and can constrict up to eight enemies at once.


Message History

3 gnolls come into view.
There are monsters nearby!
A gnoll is nearby!
The gnoll shouts!
You hear a shout!
You barely miss the gnoll.
The gnoll shouts!
You grab the gnoll.
You constrict the gnoll, but do no damage.
The gnoll completely misses you. The gnoll hits you with a +0 club.
The gnoll misses you.
You completely miss the gnoll. You squeeze the gnoll.
The gnoll is lightly wounded.
You constrict the gnoll. The gnoll closely misses you.
The gnoll hits you with a +0 club. The gnoll closely misses you.
You tentacle-slap the gnoll. x2
You squeeze the gnoll, but do no damage.
The gnoll is severely wounded.
You constrict the gnoll. The gnoll barely misses you. x2
The gnoll closely misses you.
You tentacle-slap the gnoll. You squeeze the gnoll.
You kill the gnoll!
The gnoll closely misses you. The gnoll misses you.
You have reached level 4!
You tentacle-slap the gnoll. Your grab misses the gnoll.
The gnoll is lightly wounded.
The gnoll hits you with a +0 whip! The gnoll closely misses you.
You are too injured to fight recklessly!
You are too injured to fight recklessly!
You are too injured to fight recklessly!
You tentacle-slap the gnoll. You grab the gnoll.
The gnoll is heavily wounded.
You constrict the gnoll, but do no damage.
The gnoll hits you from afar with a +0 spear!
* * * LOW HITPOINT WARNING * * *
The gnoll misses you.
You tentacle-slap the gnoll.
The gnoll is severely wounded.
You constrict the gnoll. The gnoll barely misses you.
The gnoll hits you with a +0 whip.
You die...

#..........#.....##
##########.#######
#.# #.#
###########.##
#.............#######
#..g..[#####..##.....
#..#g.....##..##.####
#..)@..##.......^#
#.#.#..###.....###
#.#.#..# ##...## #
#......#####..# #
#.............# #
##.....######.## #
#......# #+ #
#.)....# # #......# #


You could see 2 gnolls.

Vanquished Creatures
  A gnoll (D:2)
  A dart slug (D:1)
  7 ball pythons
  2 endoplasms
  3 goblins
  7 hobgoblins
  4 jackals (D:1)
  A quokka (D:1)
  4 bats
  2 frilled lizards
  6 kobolds (D:1)
  6 rats
44 creatures vanquished.

Notes
Turn   | Place    | Note
-------+----------+-------------------------------------------
     0 | D:1      | Ethylacetat the Octopode Gladiator began the quest for the
                  | Orb.
     0 | D:1      | Reached XP level 1. HP: 14/14 MP: 1/1
    41 | D:1      | Reached XP level 2. HP: 8/19 MP: 2/2
   161 | D:1      | HP: 1/20 [jackal (2)]
   167 | D:1      | Reached XP level 3. HP: 1/25 MP: 3/3
   168 | D:1      | HP: 1/25 [jackal (1)]
   612 | D:1      | Found a faded altar of an unknown god.
  1140 | D:2      | Reached XP level 4. HP: 22/30 MP: 4/4
  1142 | D:2      | Slain by a gnoll

Illustrated notes

Levels and vault maps discovered:
D:1:      dpeg_arrival_arbitrary_b, layout_rooms,
          shapermc_ecumenical_altar_mp_ritualfount, grunt_decor_arrowhead
D:2:      layout_loops_corners, nicolae_elevator_lobby_plus

Action                     |  1- 3 |  4- 6 || total
---------------------------+-------+-------++-------
  Melee: Unarmed           |    87 |     3 ||    90
         Constrict         |    26 |     1 ||    27
         Tentacles         |    16 |       ||    16
         Punch             |     2 |       ||     2
   Stab: Sleeping          |    11 |       ||    11
 Armour: Skin              |     9 |       ||     9
  Dodge: Dodged            |    64 |     3 ||    67

Table legend: (Time is in decaauts)
 A = Elapsed time spent in this place.
 B = Non-inter-level travel time spent in this place.
 C = Inter-level travel time spent in this place.
 D = Time resting spent in this place.
 E = Time spent auto-exploring this place.
 F = Levels seen in this place.
 G = Mean time per level.
                   A        B        C        D        E       F      G
               +--------+--------+--------+--------+--------+-----+--------+
         Total |   1136 |   1104 |     32 |     98 |    760 |   2 |  568.0 |
       Dungeon |   1136 |   1104 |     32 |     98 |    760 |   2 |  568.0 |
               +--------+--------+--------+--------+--------+-----+--------+

Top non-repeatable levels by time:
     D:1: 674 daAuts
     D:2: 462 daAuts
